 Dungeon Crawl Stone Soup version 0.19.1-1-g22dce08 (webtiles) character file.

1810 Kiturien the Cutter (level 9, -3/62 HPs)
             Began as an Octopode Fighter on Jan 17, 2017.
             Shot with an arrow by a centaur (13 damage)
             ... on level 7 of the Dungeon.
             The game lasted 00:32:46 (4578 turns).

Kiturien the Cutter (Octopode Fighter)              Turns: 4578, Time: 00:32:46

Health: -3/62      AC:  1    Str: 16    XL:     9   Next: 10%
Magic:  9/9        EV: 14    Int: 10    God:
Gold:   236        SH: 10    Dex: 14    Spells: 0 memorised, 8 levels left

rFire  . . .     SeeInvis .     I - +0 short sword (venom)
rCold  . . .     Gourm    .     b - +0 shield
rNeg   . . .     Faith    .     (helmet restricted)
rPois  .         Spirit   .     v - amulet of regeneration
rElec  .         Reflect  .     D - ring of protection from magic
rCorr  .         Harm     .     (no ring)
MR     +....                    (no ring)
Stlth  ++++......               (no ring)
                                (no ring)
                                (no ring)
                                (no ring)
                                (no ring)

@: no status effects
A: almost no armour, stealthy swim, amphibious, 8 rings, constrict 8, camouflage
1, gelatinous body 1
a: no special abilities


You were on level 7 of the Dungeon.
You were not hungry.

You visited 1 branch of the dungeon, and saw 7 of its levels.

You collected 236 gold pieces.

Inventory:

Hand Weapons
 a - a +0 rapier
 o - a +4 trident of protection
 p - a +1 dagger of draining
 s - a +1 mace of protection
 y - a +2 quarterstaff of chaos
 E - a +2 whip of flaming
 I - a +0 short sword of venom (weapon)
Missiles
 k - 9 needles of confusion
 z - 14 poisoned needles
 H - 8 javelins (quivered)
Armour
 b - a +0 shield (worn)
 B - the +3 ring mail of a labyrinth {SInv, unknown}
   (You found it on level 4 of the Dungeon)

   It lets you see invisible.
Jewellery
 e - a +4 amulet of reflection
 v - an amulet of regeneration (around mantle)
 D - a ring of protection from magic (left tentacle)
Wands
 g - a wand of random effects (30/48)
 C - a wand of iceblast (4/15)
Scrolls
 f - 3 scrolls of remove curse {unknown}
 h - a scroll of recharging {unknown}
 j - 2 scrolls of teleportation {unknown}
 m - 3 scrolls of enchant weapon {unknown}
 r - 2 scrolls of noise {unknown}
 A - 2 scrolls of amnesia {unknown}
 F - a scroll of fog {unknown}
Potions
 c - 2 potions of might
 l - a potion of cancellation
 n - 2 potions of flight
 q - 2 potions of magic
 w - 2 potions of cure mutation
 x - 2 potions of lignification
 G - a potion of mutation
Comestibles
 d - 2 bread rations
 i - 2 slices of pizza
 t - a meat ration


   Skills:
 * Level 5.9 Fighting
 + Level 6.4 Short Blades
 + Level 5.4 Dodging
 * Level 6.2 Stealth
 + Level 5.3 Shields
 - Level 2.0 Unarmed Combat


You had 8 spell levels left.
You didn't know any spells.

Dungeon Overview and Level Annotations

Branches:
Dungeon (7/15)
 Temple: D:4-7

Altars:

Annotations:
D:5 Prince Ribbit
D:6 Menkaure


Innate Abilities, Weirdness & Mutations

You cannot wear most types of armour.
You are very stealthy in the water. (Stealth+)
You are amphibious.
You can wear up to eight rings at the same time.
You can use your tentacles to constrict eight enemies at once.
Your skin changes colour to match your surroundings (Stealth+).
Your rubbery body absorbs attacks. (AC +1, EV +1)


Message History

The worker ant convulses!
Your body is wracked with pain!
* * * LOW HITPOINT WARNING * * *
The worker ant waves its antennae.
Menkaure gestures wildly while chanting.
There is a stone staircase leading down here.
Menkaure calls on the powers of darkness!
The worker ant convulses!
Your body is wracked with pain!
* * * LOW HITPOINT WARNING * * *
You block the worker ant's attack.
You climb downwards.
A centaur comes into view.
Found a robe, a fizzy blue potion and 13 bolts.
There is a stone staircase leading up here.
You hit the worker ant.
You kill the worker ant!
The centaur shouts!
The centaur wields a shortbow.
The centaur shoots an arrow.
The arrow hits you.
* * * LOW HITPOINT WARNING * * *
The centaur shoots an arrow.
The arrow hits you!
You die...

....... .......
....... .c.....
...(...
#......##### .
#..........#....
#......<@......#
#[..........####
..##.....##..#
##...!# ..#
#...## ..# .....
.. .##.#. . ..
.. .


You could see a centaur.

Vanquished Creatures
  Pikel (D:4)
  The ghost of Macro the Sneak, an amateur HaEn (D:4)
  Sigmund (D:5)
  Duvessa (D:6)
  2 slaves (D:5)
  4 ogres
  Dowan (D:5)
  2 hounds (D:4)
  Crazy Yiuf (D:3)
  An orc wizard (D:3)
  An iguana (D:4)
  5 worker ants
  Terence (D:2)
  A killer bee zombie (D:5)
  A hound skeleton (D:4)
  Robin (D:2)
  4 gnolls (D:3)
  10 adders
  A shadow imp (D:5)
  3 worms
  A dart slug (D:4)
  6 leopard geckos
  13 orcs
  3 giant cockroaches
  14 goblins
  8 hobgoblins
  10 jackals
  3 kobolds
  3 quokkas
  A ball python (D:4)
  6 bats
  6 frilled lizards
  A jackal skeleton (D:4)
  A leopard gecko skeleton (D:5)
  A quokka skeleton (D:5)
  13 rats
133 creatures vanquished.

Notes
Turn   | Place    | Note
-------+----------+-------------------------------------------
     0 | D:1      | Kiturien the Octopode Fighter began the quest for the Orb.
     0 | D:1      | Reached XP level 1. HP: 16/16 MP: 1/1
   285 | D:1      | Reached XP level 2. HP: 17/21 MP: 2/2
   890 | D:2      | Reached XP level 3. HP: 26/26 MP: 3/3
  1015 | D:2      | Noticed Terence
  1024 | D:2      | Killed Terence
  1024 | D:2      | Reached skill level 1 in Stealth
  1203 | D:2      | Reached XP level 4. HP: 31/31 MP: 4/4
  1211 | D:2      | Noticed Robin
  1214 | D:2      | Killed Robin
  1371 | D:2      | Reached skill level 1 in Unarmed Combat
  1996 | D:3      | Reached XP level 5. HP: 33/37 MP: 5/5
  2115 | D:3      | Found a runed door.
  2246 | D:3      | Noticed Crazy Yiuf
  2250 | D:3      | Killed Crazy Yiuf
  2641 | D:3      | Reached XP level 6. HP: 20/43 MP: 6/6
  2813 | D:4      | Reached XP level 7. HP: 12/48 MP: 7/7
  2874 | D:4      | Noticed Macro's ghost (amateur HaEn)
  2899 | D:4      | HP: 2/48 [Macro's ghost (4)]
  2906 | D:4      | Killed Macro's ghost
  3418 | D:4      | Got a faintly humming ring mail
  3615 | D:5      | Entered Level 5 of the Dungeon
  3617 | D:5      | Noticed Pikel
  3692 | D:4      | HP: 2/49 [slave[Pikel] (7)]
  3808 | D:4      | Killed Pikel
  3808 | D:4      | Reached skill level 5 in Fighting
  3808 | D:4      | Reached skill level 5 in Short Blades
  3808 | D:4      | Reached skill level 5 in Dodging
  3808 | D:4      | Reached skill level 5 in Stealth
  3808 | D:4      | Reached skill level 5 in Shields
  3808 | D:4      | Reached XP level 8. HP: 33/55 MP: 8/8
  3987 | D:5      | Noticed Sigmund
  3999 | D:5      | Killed Sigmund
  4118 | D:5      | Noticed Duvessa
  4118 | D:5      | Noticed Dowan
  4122 | D:5      | Noticed Prince Ribbit
  4393 | D:5      | Reached XP level 9. HP: 48/62 MP: 9/9
  4425 | D:5      | Killed Dowan
  4438 | D:6      | Killed Duvessa
  4558 | D:6      | Noticed Menkaure
  4578 | D:7      | Shot with an arrow by a centaur

Skill      XL: |  1  2  3  4  5  6  7  8 |
---------------+-------------------------+-----
Stealth        | 1 2 3 5 6 |  6.2
Unarmed Combat | 1 2 |  2.0
Short Blades   | 3 5 6 |  6.4
Fighting       | 4 5 |  5.9
Shields        | 4 5 |  5.3
Dodging        | 4 5 |  5.4

Action                   |  1- 3 |  4- 6 |  7- 9 || total
-------------------------+-------+-------+-------++-------
Melee: Rapier            |    56 |    89 |   160 ||   305
       Constrict         |    14 |    40 |    33 ||    87
       Tentacles         |     7 |    30 |    41 ||    78
       Dagger            |       |    47 |       ||    47
       Punch             |       |     2 |     2 ||     4
       Short sword       |       |       |     1 ||     1
  Use: Scroll            |       |     4 |     6 ||    10
       Potion            |       |       |     5 ||     5
 Stab: Sleeping          |     2 |     6 |       ||     8
  Eat: Beef jerky        |     1 |       |     1 ||     2
       Bread ration      |       |     1 |       ||     1
       Meat ration       |       |       |     1 ||     1
Armor: Skin              |     8 |     9 |     6 ||    23
Dodge: Dodged            |    35 |    76 |    80 ||   191
Block: Shield            |    25 |    56 |    70 ||   151
